 Dungeon Crawl Stone Soup version 0.29-a0-1009-g60c99734e7 (webtiles) character file.

Game seed: 216245654786249668

23 TheBestFelid the Gusty (level 2, -2/11 HPs)
             Began as a Felid Air Elementalist on Aug 8, 2022.
             Slain by Natasha (5 damage)
             ... on level 2 of the Dungeon.
             The game lasted 00:01:04 (1125 turns).

TheBestFelid the Gusty (Felid Air Elementalist)     Turns: 1125, Time: 00:01:04

Health: -2/11      AC:  1    Str:  4    XL:     2   Next: 75%
Magic:  5/6        EV: 17    Int: 16    God:
Gold:   74         SH:  0    Dex: 16    Spells: 4/5 levels left
                                        Lives:  0   Deaths: 0

rFire   . . .      SeeInvis +   (weapon unavailable)
rCold   . . .      Faith    .   (shield unavailable)
rNeg    . . .      Spirit   .   (body armour unavailable)
rPois   .          Reflect  .   (helmet unavailable)
rElec   .          Harm     .   (cloak unavailable)
rCorr   .          Rampage  .   (gloves unavailable)
Will    .....                   (boots unavailable)
Stlth   ++........              (no amulet)
HPRegen 0.03/turn               (no ring)
MPRegen 0.10/turn               (no ring)

@: very slightly contaminated, slowed, slow
A: very small, claws 1, fangs 3, see invisible, speed 1, shaggy fur 1, stealthy
paws, no weapons or thrown items, no armour, multi-lived
a: no special abilities


You were on level 2 of the Dungeon.
You visited 1 branch of the dungeon, and saw 2 of its levels.

You collected 74 gold pieces.

Inventory:

Scrolls
 c - a scroll of enchant weapon {unknown}
Potions
 b - 3 potions of lignification {unknown}
 d - a potion of flight {unknown}
 e - a potion of heal wounds {unknown}


   Skills:
 - Level 2.6 Dodging
 - Level 2.6 Stealth
 + Level 2.0 Spellcasting
 - Level 0.8 Conjurations
 * Level 3.6 Air Magic


You had 4 spell levels left.
You knew the following spells:

 Your Spells              Type           Power      Damage    Failure   Level
a - Shock                 Conj/Air       32%        1d5       9%          1

Your spell library contained the following spells:

 Spells                   Type           Power      Damage    Failure   Level
 Static Discharge         Conj/Air       8%         3-4/arc   12%         2
 Swiftness                Air            13%        N/A       14%         3
 Airstrike                Air            6%         2d(1-17)  41%         4


Dungeon Overview and Level Annotations

Branches:
Dungeon (2/15)

Altars:

Annotations:
D:2 Natasha


Innate Abilities, Weirdness & Mutations

You have sharp claws.
You have razor-sharp teeth.
You have supernaturally acute eyesight. (SInv)
You cover ground quickly. (Speed+)
You are covered in fur. (AC +1)
Your paws help you pounce on unaware monsters.
You are incapable of wielding weapons or throwing items.
You cannot wear armour.
You gain extra lives every three experience levels.


Message History

The magic dart hits you!
Ouch! That really hurt!
* * * LOW HITPOINT WARNING * * *
Unknown command.
Casting: Shock (safe; 9% risk of failure)
Confirm with . or Enter, or press ? or * to list all spells.
Aiming: Shock (safe; 9% risk of failure)
Press: ? - help, Shift-Dir - straight line, f/p - Natasha
Aim: Natasha (severely wounded, fast, 60% to hit)
The zap misses Natasha.
Natasha mumbles some strange words. x2
Casting: Shock (safe; 9% risk of failure)
Confirm with . or Enter, or press ? or * to list all spells.
Aiming: Shock (safe; 9% risk of failure)
Press: ? - help, Shift-Dir - straight line, f/p - Natasha
Aim: Natasha (severely wounded, fast, 60% to hit)
You miscast Shock.
Nothing appears to happen.
The crimson imp lashes its tail.
Casting: Shock (safe; 9% risk of failure)
Confirm with . or Enter, or press ? or * to list all spells.
You don't have enough magic to cast this spell.
Unknown command.
Casting: Shock (safe; 9% risk of failure)
Confirm with . or Enter, or press ? or * to list all spells.
You don't know that spell.
Unknown command.
Magic courses through your body.
Natasha stares at you and mumbles some strange words.
You feel yourself slow down.
The crimson imp blinks!
Casting: Shock (safe; 9% risk of failure)
Confirm with . or Enter, or press ? or * to list all spells.
Aiming: Shock (safe; 9% risk of failure)
Press: ? - help, Shift-Dir - straight line, f/p - Natasha
Aim: Natasha (severely wounded, fast, 60% to hit)
The zap misses Natasha.
The zap hits the shadow imp.
The shadow imp is heavily wounded.
The zap hits the crimson imp.
The crimson imp is lightly wounded.
Natasha claws you.
You die...

##......##............###
##...#.#####..<..##..#
##.##........#####..# #.#
#####..# #..# #.# #...
...# #.# ###.## ###.# #.#
#...... #.#
##.####.....). #.#
#.....@h.5...5
#..###.~~§~.~≈ #..#
#.~~≈~.~≈ #... #.~~≈~.~≈
#... ..~~~~.~~
#.##.#.~~~~... #.
.........~ #. ...≈~≈~~.~


You could see Natasha (fast), a crimson imp (summoned) and a shadow imp
(summoned).

Vanquished Creatures
  2 dart slugs (D:1)
  3 bats
  2 endoplasms (D:1)
  2 goblins (D:1)
  2 hobgoblins (D:1)
  2 quokkas
  A ball python (D:1)
  4 rats
18 creatures vanquished.

Notes
Turn   | Place    | Note
-------+----------+-------------------------------------------
     0 | D:1      | TheBestFelid the Felid Air Elementalist began the quest for
                  | the Orb.
     0 | D:1      | Reached XP level 1. HP: 7/7 MP: 4/4
   133 | D:1      | Reached skill level 3 in Air Magic
   245 | D:1      | Reached XP level 2. HP: 11/11 MP: 0/6
  1117 | D:2      | Noticed Natasha
  1123 | D:2      | Noticed a crimson imp
  1125 | D:2      | Slain by Natasha

Illustrated notes

Levels and vault maps discovered:
D:1:      ebering_trefoil_twist, layout_rooms
D:2:      layout_loops_cross, minivault_14, uniq_crazy_yiuf_cottage,
          uniq_natasha

Skill      XL: |  1 |
---------------+----+-----
Air Magic      | 3 |  3.6
Dodging        | |  2.6
Stealth        | |  2.6
Spellcasting   | |  2.0
Conjurations   | |  0.8

Action                   || total
-------------------------++-------
Melee: Unarmed           ||     1
 Cast: Shock             ||    38
  Use: Potion            ||     1
Dodge: Dodged            ||     5

Table legend: (Time is in decaauts)
 A = Elapsed time spent in this place.
 B = Non-inter-level travel time spent in this place.
 C = Inter-level travel time spent in this place.
 D = Time resting spent in this place.
 E = Time spent auto-exploring this place.
 F = Levels seen in this place.
 G = Mean time per level.
                   A        B        C        D        E       F      G
               +--------+--------+--------+--------+--------+-----+--------+
         Total |   1025 |   1017 |      8 |     54 |    878 |   2 |  512.5 |
       Dungeon |   1025 |   1017 |      8 |     54 |    878 |   2 |  512.5 |
               +--------+--------+--------+--------+--------+-----+--------+

Top non-repeatable levels by time:
     D:1: 923 daAuts
     D:2: 102 daAuts
